Map: Prion Terraces

Players

Beastyqt - Winner!

  • Race: Terran Terran
  • League: Master

wallfacer (ZhuGeLiang)

  • Race: Zerg Zerg
  • League: Master

Event: DreamHack ZOWIE Open Leipzig

VOD

Have the link to the VOD?

Description

Time

  • Played on: Jan. 22, 2016, 9:22 a.m.
  • Length: 5:50

All games in this series

Show
View Real Time Build Order
Export as new Build Order

Beastyqt Terran - Winner!

Build Orders:  

Get SALT Encoding   

  12  0:00  SCV  
  13  0:12  SCV  
  14  0:17  Supply Depot  
  14  0:25  SCV  
  15  0:38  SCV  
  15  0:40  Barracks  
  16  0:43  Refinery  
  16  0:51  SCV  
  17  1:00  Barracks  
  17  1:03  SCV  
  18  1:15  SCV  
  19  1:22  Barracks  
  19  1:27  Reaper  
  20  1:35  Orbital Command  
  20  1:41  Refinery  
  20  1:47  Reaper  
  20  1:53  Supply Depot  
  21  2:01  SCV  
  21  2:04  Reaper  
  23  2:15  SCV, Reaper  
  25  2:24  Supply Depot, Reaper  
  25  2:28  SCV  
  27  2:36  Reaper  
  28  2:40  SCV  
  29  2:48  Reaper  
  29  2:50  Supply Depot  
  30  2:52  SCV  
  30  2:56  Reaper  
  32  3:04  SCV  
  33  3:08  Reaper  
  34  3:20  Command Center, Reaper  
  35  3:28  Reaper  
  35  3:31  SCV  
  37  3:40  Reaper  
  38  3:44  SCV  
  39  3:52  Reaper  
  39  3:54  Command Center  
  40  3:56  SCV  
  40  4:00  Reaper  
  42  4:08  SCV  
  42  4:09  Bunker  
  42  4:20  SCV  
  42  4:24  Factory  
  42  4:32  SCV  
  42  4:33  Marine  
  42  4:37  Barracks Tech Lab, Orbital Command  
  44  4:43  Marine  
  44  4:44  SCV  
  45  4:51  Marine  
  45  4:56  SCV  
  46  5:01  Marine  
  46  5:07  SCV  
  46  5:09  Reaper  
  46  5:10  Marine  
  46  5:12  Orbital Command  
  48  5:18  SCV  
  48  5:19  Marine  
  48  5:21  Factory Tech Lab, Starport  
  50  5:26  SCV  
  50  5:28  Marine  
  51  5:35  SCV  
  55  5:48  Barracks  
  55  5:49  Barracks  
Show
View Real Time Build Order
Export as new Build Order

wallfacer Zerg 

Build Orders: Hatch First 

Get SALT Encoding   

  12  0:01  Drone  
  13  0:12  Overlord  
  13  0:17  Drone  
  14  0:30  Drone x2  
  16  0:35  Drone  
  17  0:52  Hatchery  
  17  0:54  Drone  
  17  0:57  Drone  
  17  1:01  Extractor  
  18  1:14  Spawning Pool  
  18  1:17  Drone  
  17  1:27  Drone  
  18  1:39  Drone  
  19  1:49  Overlord  
  19  2:01  Queen  
  19  2:02  Zergling x2  
  19  2:03  Metabolic Boost  
  19  2:04  Zergling x2, Queen  
  25  2:11  Overlord  
  25  2:16  Zergling x2  
  26  2:25  Drone  
  26  2:27  Drone  
  26  2:29  Baneling Nest  
  28  2:33  Spore Crawler  
  28  2:34  Drone  
  28  2:37  Drone  
  29  2:48  Zergling x2  
  29  2:49  Roach Warren, Zergling x2  
  30  2:59  Drone x2  
  30  3:02  Queen  
  34  3:12  Zergling x8  
  37  3:15  Zergling x2  
  34  3:29  Roach x4  
  42  3:34  Overlord  
  42  3:38  Roach  
  44  3:47  Overlord, Zergling x2  
  44  3:48  Zergling x2  
  40  3:59  Zergling x2  
  40  4:00  Zergling x6  
  42  4:07  Roach  
  44  4:10  Queen  
  46  4:21  Drone x4  
  46  4:26  Roach  
  46  4:31  Roach  
  43  4:36  Roach  
  45  4:39  Roach  
  45  4:45  Zergling x6  
  46  4:50  Zergling x4  
  46  4:52  Zergling x2  
  46  4:57  Drone  
  41  5:02  Zergling x2  
  38  5:09  Roach  
  38  5:10  Roach  
  36  5:17  Zergling x2  
  36  5:18  Zergling x4  
  38  5:25  Zergling x2  
  38  5:26  Zergling x2  

Tags
 
Add a new tag
Caveats
  • Supply blocks, unpowered buildings, or Contaminate may cause inaccurate times.
  • Supply counts are checked every 10 seconds.